Map: Rhoskallian LE

Players

SpaceRU

  • Race: Protoss Protoss
  • League: Platinum
  • Spawn Location: 5:00

gosha

  • Race: Zerg Zerg
  • League: Diamond
  • Spawn Location: 6:00

qqq - Winner!

  • Race: Zerg Zerg
  • League: Platinum
  • Spawn Location: 11:00

Massa - Winner!

  • Race: Terran Terran
  • League: Platinum
  • Spawn Location: 12:00

VOD

Have the link to the VOD?

Description

Time

  • Played on: Dec. 8, 2020, 5:49 a.m.
  • Length: 11:10
Show
View Real Time Build Order
Export as new Build Order

SpaceRU Protoss 

Build Orders:  

Get SALT Encoding   

  12  0:00  Probe  
  13  0:12  Probe  
  14  0:19  Pylon  
  14  0:24  Probe  
  15  0:37  Probe  
  15  0:40  Gateway  
  16  0:49  Probe  
  17  0:50  Assimilator  
  17  1:01  Probe (Chrono Boost)  
  19  1:13  Probe (Chrono Boost)  
  19  1:19  Probe (Chrono Boost)  
  20  1:30  Probe  
  20  1:32  Cybernetics Core  
  21  1:42  Probe  
  22  1:53  Pylon  
  22  1:54  Probe  
  23  2:11  Probe, Zealot (Chrono Boost)  
  26  2:18  Warp Gate  
  26  2:23  Probe  
  26  2:33  Nexus  
  26  2:35  Probe, Stalker (Chrono Boost)  
  29  2:39  Assimilator  
  29  2:47  Probe, Shield Battery  
  30  2:59  Probe  
  31  3:06  Forge  
  31  3:14  Pylon  
  31  3:23  Pylon  
  31  3:32  Probe (Chrono Boost)  
  32  3:44  Probe (Chrono Boost)  
  33  3:54  Probe x2 (Chrono Boost), Protoss Ground Weapons Level 1  
  35  3:56  Pylon  
  35  3:59  Twilight Council  
  35  4:01  Probe (Chrono Boost)  
  37  4:03  Probe (Chrono Boost)  
  37  4:06  Probe (Chrono Boost)  
  38  4:13  Robotics Facility  
  38  4:14  Pylon x2  
  38  4:15  Sentry  
  38  4:31  Gateway  
  38  4:37  Probe x2, Gateway  
  40  4:41  Pylon  
  40  4:47  Gateway  
  40  4:51  Stalker  
  40  5:03  Immortal  
  44  5:18  Shield Battery  
  44  5:23  Gateway  
  44  5:25  Stalker  
  44  5:26  Gateway  
  46  5:35  Stalker x2  
  50  5:42  Immortal (Chrono Boost)  
  50  5:49  Probe (Chrono Boost)  
  56  5:50  Probe (Chrono Boost)  
  56  5:57  Charge (Chrono Boost)  
  56  6:01  Probe (Chrono Boost)  
  56  6:02  Probe (Chrono Boost)  
  58  6:17  Probe  
  58  6:18  Probe  
  60  6:22  Protoss Ground Armor Level 1  
  60  6:25  Pylon  
  60  6:26  Observer  
  60  6:28  Stalker x2  
  65  6:35  Pylon  
  65  6:39  Nexus  
  65  6:50  Assimilator  
  65  6:51  Probe x2  
  67  7:04  Observer (Chrono Boost)  
  68  7:14  Stalker x2  
  72  7:22  Stalker  
  74  7:40  Stalker x2  
  74  7:42  Probe x2  
  80  7:47  Assimilator  
  80  7:59  Probe x3  
  81  8:16  Stalker x5  
  88  8:28  Probe  
  89  8:43  Blink (Chrono Boost)  
  89  9:01  Stalker x3  
  91  9:06  Nexus, Shield Battery  
  91  9:09  Pylon  
  89  9:12  Pylon  
  89  9:15  Probe x2  
  89  9:17  Pylon  
  89  9:20  Pylon  
  89  9:35  Photon Cannon  
  88  9:52  Pylon  
  88  9:56  Probe x2  
  90  10:04  Photon Cannon  
  90  10:05  Photon Cannon  
  90  10:08  Probe x2, Photon Cannon  
  90  10:12  Photon Cannon  
  92  10:14  Photon Cannon  
  92  10:16  Photon Cannon  
  92  10:18  Shield Battery  
  92  10:23  Shield Battery  
  92  10:26  Pylon  
  92  10:32  Pylon  
  92  10:39  Pylon  
  92  10:55  Nexus  
  90  10:57  Zealot x4  
  90  10:58  Zealot x2  
Show
View Real Time Build Order
Export as new Build Order

gosha Zerg 

Build Orders: Hatch First 

Get SALT Encoding   

  12  0:07  Drone  
  13  0:16  Overlord  
  13  0:29  Drone  
  14  0:36  Drone x2  
  16  0:54  Hatchery  
  16  0:57  Drone  
  16  1:11  Spawning Pool  
  15  1:15  Extractor, Drone  
  15  1:20  Drone  
  15  1:23  Drone  
  17  1:38  Drone  
  18  1:41  Drone  
  19  1:58  Queen, Zergling x2  
  19  2:01  Overlord  
  22  2:08  Queen  
  22  2:10  Zergling x2  
  22  2:12  Drone  
  26  2:23  Drone  
  26  2:24  Drone  
  26  2:26  Metabolic Boost  
  28  2:39  Drone  
  28  2:40  Drone x2  
  31  2:48  Zergling x2  
  32  2:52  Overlord  
  32  3:08  Zergling x2  
  32  3:09  Drone  
  32  3:10  Drone  
  35  3:20  Queen  
  37  3:27  Zergling x4  
  37  3:33  Hatchery  
  37  3:34  Drone x2  
  37  3:35  Drone x4  
  43  3:42  Evolution Chamber  
  43  3:45  Drone, Evolution Chamber  
  43  3:47  Drone  
  42  4:25  Zerg Missile Weapons Level 1, Zerg Ground Armor Level 1  
  42  4:30  Roach Warren  
  41  4:33  Extractor  
  41  4:38  Drone x2  
  42  4:39  Drone  
  43  4:47  Queen  
  35  5:18  Queen  
  33  5:21  Lair  
  33  5:23  Drone x2  
  26  5:43  Drone  
  26  5:44  Drone  
  26  5:45  Drone x4  
  26  5:46  Drone x2  
  34  5:58  Drone  
  34  5:59  Drone x5  
  40  6:07  Roach  
  42  6:11  Drone x2  
  44  6:20  Hatchery, Glial Reconstitution  
  44  6:22  Zerg Missile Weapons Level 2  
  43  6:26  Drone  
  43  6:27  Drone x3  
  47  6:39  Extractor  
  46  6:40  Zerg Ground Armor Level 2  
  46  6:43  Overlord x2  
  46  6:45  Overlord  
  46  7:07  Spore Crawler  
  45  7:09  Spore Crawler  
  45  7:11  Queen  
  46  7:18  Drone  
  47  7:24  Spore Crawler  
  47  7:26  Spore Crawler  
  47  7:27  Queen  
  43  7:33  Hydralisk Den  
  42  7:39  Infestation Pit  
  42  7:42  Drone  
  42  7:43  Drone x2  
  40  8:17  Ravager  
  41  8:23  Spore Crawler  
  40  8:29  Spore Crawler  
  40  8:31  Muscular Augments  
  40  8:33  Hive  
  39  8:35  Overlord  
  39  8:43  Drone x4  
  39  8:44  Drone x4, Extractor  
  39  8:45  Drone  
  39  8:46  Drone x3  
  50  8:54  Hydralisk  
  50  8:55  Hydralisk x4  
  57  9:03  Drone  
  57  9:04  Drone x2  
  57  9:05  Drone  
  61  9:12  Drone x3  
  61  9:13  Drone  
  61  9:16  Drone  
  66  9:18  Drone  
  67  9:24  Hydralisk  
  69  9:43  Queen  
  67  9:54  Hatchery  
  66  10:00  Spore Crawler  
  66  10:03  Hydralisk  
  66  10:04  Spore Crawler  
  55  10:25  Hydralisk Den  
  54  10:38  Viper  
  54  10:40  Drone  
  54  10:41  Drone x2  
Show
View Real Time Build Order
Export as new Build Order

qqq Zerg - Winner!

Build Orders: Hatch First 

Get SALT Encoding   

  12  0:01  Drone  
  13  0:08  Drone  
  14  0:18  Overlord  
  14  0:39  Extractor  
  13  0:53  Hatchery  
  12  1:15  Drone  
  12  1:16  Spawning Pool  
  12  1:17  Drone  
  13  1:24  Drone  
  14  1:31  Drone  
  15  1:43  Drone  
  16  1:50  Drone  
  17  2:03  Drone  
  17  2:07  Lair  
  18  2:11  Drone  
  18  2:15  Drone  
  20  2:34  Extractor  
  19  2:37  Drone x2  
  19  2:39  Drone x2  
  19  2:41  Queen  
  25  2:48  Extractor  
  25  2:50  Overlord  
  24  2:54  Drone  
  25  2:59  Drone  
  25  3:00  Drone  
  27  3:15  Drone, Spire  
  27  3:18  Drone  
  28  3:23  Drone x2  
  30  3:28  Drone  
  31  3:34  Queen  
  31  3:38  Drone  
  31  3:39  Drone  
  35  3:48  Drone  
  36  3:51  Extractor x2  
  36  3:54  Overlord  
  36  3:55  Drone  
  35  3:56  Drone  
  36  4:05  Overlord  
  36  4:14  Spine Crawler  
  35  4:21  Drone x4  
  39  4:25  Overlord  
  39  4:30  Drone x2  
  41  4:32  Mutalisk  
  41  4:33  Mutalisk  
  45  4:38  Mutalisk  
  45  4:42  Drone  
  48  4:50  Mutalisk  
  50  4:53  Zerg Flyer Weapons Level 1  
  50  4:58  Drone x2  
  52  5:00  Infestation Pit  
  51  5:10  Overlord  
  51  5:12  Drone  
  52  5:28  Overlord x3  
  52  5:29  Overlord  
  52  5:34  Hatchery  
  51  5:36  Corruptor  
  51  5:39  Mutalisk  
  55  5:46  Drone x2  
  55  5:47  Drone x2  
  55  5:49  Drone  
  60  5:57  Mutalisk  
  60  6:02  Corruptor  
  64  6:04  Corruptor  
  66  6:17  Hive  
  66  6:19  Mutalisk x2  
  66  6:22  Drone x2  
  66  6:23  Drone  
  73  6:27  Mutalisk  
  75  6:44  Drone  
  76  6:47  Zerg Flyer Armor Level 1  
  76  7:08  Drone x3  
  79  7:09  Mutalisk  
  79  7:10  Mutalisk x2  
  85  7:30  Mutalisk x2  
  85  7:31  Mutalisk  
  85  7:32  Drone  
  85  7:33  Drone  
  85  7:36  Extractor x2  
  91  7:38  Hatchery  
  91  7:42  Mutalisk  
  92  8:28  Drone x3  
  92  8:29  Mutalisk  
  92  8:30  Zergling x2  
  92  8:31  Overlord x5  
  92  8:32  Overlord x3  
  96  9:12  Drone x3  
  97  9:18  Drone x3, Queen  
  102  9:26  Greater Spire  
  102  9:29  Mutalisk x3  
  108  9:33  Metabolic Boost  
  105  9:54  Queen  
  105  10:25  Mutalisk x2  
  105  10:26  Mutalisk x3  
Show
View Real Time Build Order
Export as new Build Order

Massa Terran - Winner!

Build Orders: 2 Factory, Hellion Opening 

Get SALT Encoding   

  12  0:00  SCV  
  13  0:12  SCV  
  14  0:18  Supply Depot  
  14  0:24  SCV  
  15  0:40  SCV  
  15  0:41  Barracks  
  16  0:47  Refinery  
  16  0:52  SCV  
  17  0:58  Refinery  
  17  1:04  SCV  
  18  1:16  SCV  
  19  1:28  SCV  
  19  1:32  Reaper  
  21  1:45  Factory  
  21  1:50  Orbital Command, Supply Depot  
  21  2:10  Marine  
  22  2:17  Factory  
  22  2:18  SCV  
  23  2:29  Barracks Reactor  
  23  2:30  Factory Tech Lab  
  23  2:35  Supply Depot  
  23  2:41  SCV  
  24  2:52  Hellion  
  24  2:53  SCV  
  24  2:54  Infernal Pre-Igniter  
  27  3:05  Supply Depot  
  27  3:14  Hellion x2  
  27  3:17  Hellion  
  33  3:28  Supply Depot  
  32  3:35  Hellion  
  32  3:38  Hellion  
  36  3:44  Barracks Tech Lab  
  36  3:56  Hellion  
  36  3:58  Hellion  
  36  4:01  Hellion  
  42  4:09  Marauder  
  44  4:11  Stimpack  
  44  4:35  Siege Tank  
  44  4:37  Marauder  
  31  5:44  Marauder  
  33  5:56  Siege Tank  
  36  5:57  Widow Mine x2  
  36  6:00  Command Center  
  36  6:03  SCV, Command Center  
  41  6:05  Marauder  
  41  6:06  Supply Depot  
  43  6:11  Combat Shield  
  43  6:19  Widow Mine x2  
  47  6:28  Cyclone, Supply Depot  
  50  6:40  Widow Mine x2  
  54  6:47  Starport  
  54  6:51  Marauder  
  56  6:58  SCV  
  57  7:05  Barracks  
  57  7:06  Barracks  
  57  7:10  SCV  
  57  7:12  Marauder  
  57  7:15  Barracks  
  60  7:17  Orbital Command  
  60  7:24  SCV x2  
  62  7:36  SCV x2  
  64  8:10  SCV x3  
  65  8:18  Siege Tank  
  65  8:19  Widow Mine x2  
  66  8:21  Barracks Tech Lab  
  66  8:22  Barracks Reactor, Barracks Tech Lab, SCV x3  
  66  8:24  Marauder  
  66  8:25  Concussive Shells  
  72  8:34  SCV x3  
  72  8:37  Engineering Bay  
  74  8:45  Marauder  
  74  8:46  SCV  
  78  8:50  Siege Tank  
  78  8:52  Refinery  
  78  8:54  Refinery  
  80  8:57  SCV  
  80  8:58  SCV  
  80  9:02  Marauder x2  
  86  9:03  Marine x2  
  86  9:07  Marauder  
  86  9:09  SCV  
  91  9:10  SCV  
  91  9:16  Terran Infantry Weapons Level 1  
  92  9:19  Armory  
  92  9:21  Marine  
  92  9:22  Siege Tank  
  92  9:23  Marauder  
  98  9:26  Widow Mine  
  100  9:35  Supply Depot  
  100  9:37  Supply Depot  
  100  9:41  Supply Depot  
  100  9:43  Planetary Fortress  
  100  9:47  Missile Turret  
  100  9:51  Missile Turret  
  100  9:54  SCV  
  100  9:56  Widow Mine, SCV, Marauder, Siege Tank  
  100  9:59  Marine x2  
  111  10:02  Widow Mine  
  111  10:06  SCV, Medivac  
  116  10:18  Marauder, Marine  
  119  10:28  SCV x3, Siege Tank  
  125  10:46  Supply Depot  
  125  10:49  Supply Depot  
Tags
 
Add a new tag
Caveats
  • Supply blocks, unpowered buildings, or Contaminate may cause inaccurate times.
  • Supply counts are checked every 10 seconds.